 Dungeon Crawl Stone Soup version 0.30-a0-159-g068b764562 (webtiles) character file.

Game seed: 2283504965038433067

1334 porpoise the Slicer (level 8, -7/52 HPs)
             Began as a Kobold Delver on Sept 28, 2022.
             Mangled by an ogre
             ... wielding a +0 giant spiked club
              (19 damage)
             ... on level 6 of the Dungeon.
             The game lasted 00:19:37 (6245 turns).

porpoise the Slicer (Kobold Delver)                 Turns: 6245, Time: 00:19:37

Health: -7/52      AC:  6    Str:  9    XL:     8   Next: 92%
Magic:  8/8        EV: 16    Int: 11    God:
Gold:   218        SH:  0    Dex: 19    Spells: 6/7 levels left

rFire   + + .      SeeInvis .    a - +1 short sword
rCold   + . .      Faith    .    (no shield)
rNeg    . . .      Spirit   .    r - +2 robe {rC+ rF+}
rPois   .          Reflect  .    (no helmet)
rElec   .          Harm     .    (no cloak)
rCorr   .          Rampage  .    l - +1 pair of gloves
Will    .....                    (no boots)
Stlth   +++++.....               m - amulet of the acrobat
HPRegen 0.17/turn                D - ring of protection from fire
MPRegen 0.11/turn                (no ring)

@: studying Stealth
A: small, no large weapons, nightstalker 3
a: no special abilities


You were on level 6 of the Dungeon.
You visited 1 branch of the dungeon, and saw 6 of its levels.

You collected 218 gold pieces.

Inventory:

Hand Weapons
 a - a +1 short sword (weapon)
 b - a +0 sling
 w - a +1 vampiric trident
 H - a +0 rapier
Armour
 l - a +1 pair of gloves (worn)
 r - a +2 robe of resistance (worn)
 v - a +0 leather armour
Jewellery
 m - an amulet of the acrobat (around neck)
 s - an amulet of magic regeneration
 D - a ring of protection from fire (left hand)
 G - a ring of magical power
Wands
 g - a wand of digging (3)
 t - a wand of flame (2)
 y - a wand of paralysis (1)
 B - a wand of polymorph (6)
 F - a wand of quicksilver (8)
Scrolls
 c - a scroll of fog
 d - 2 scrolls of magic mapping
 e - a scroll of silence {unknown}
 h - a scroll of butterflies
 n - a scroll of enchant armour
 p - a scroll of enchant weapon
 u - a scroll of summoning
Potions
 f - a potion of haste
 i - 2 potions of heal wounds
 k - a potion of attraction
 o - 7 potions of curing
 q - a potion of magic
 x - a potion of lignification
 z - 2 potions of flight {unknown}
 A - a potion of berserk rage
 E - a potion of brilliance {unknown}


   Skills:
 + Level 6.4 Fighting
 * Level 9.9 Short Blades
 + Level 3.9 Dodging
 - Level 9.0 Stealth


You had 6 spell levels left.
You knew the following spells:

 Your Spells              Type           Power      Damage    Failure   Level
a - Apportation           Tloc           0%         N/A       34%         1

Your spell library contained the following spells:

 Spells                   Type           Power      Damage    Failure   Level
 Necrotise                Necr           0%         1d4       34%         1
 Summon Small Mammal      Summ           0%         N/A       34%         1
 Blink                    Tloc           0%         N/A       47%         2
 Gell's Gravitas          Tloc           0%         N/A       71%         3
 Hailstorm                Conj/Ice       0%         3d3       71%         3
 Ignite Poison            Fire/Tmut/Pois 0%         N/A       71%         3
 Kindle Blastsparks       Fire/Tloc/Air  0%         2d10      71%         3
 Lesser Beckoning         Tloc           0%         N/A       71%         3
 Mephitic Cloud           Conj/Pois/Air  0%         N/A       71%         3
 Teleport Other           Tloc           0%         N/A       71%         3
 Ice Form                 Ice/Tmut       0%         N/A       98%         4
 Manifold Assault         Tloc           0%         N/A       98%         4
 Freezing Cloud           Conj/Ice/Air   0%         6-21      100%        5
 Dispersal                Tloc           0%         N/A       100%        6
 Simulacrum               Ice/Necr       0%         N/A       100%        6


Dungeon Overview and Level Annotations

Branches:
Dungeon (6/15)
 Temple: D:4-7

Altars:
Ashenzari
Ru
Sif Muna
Trog
Xom

Shops:
D:5 *

Annotations:
D:3 1 runed translucent door, jlumianski's ghost, amateur GrGl


Innate Abilities, Weirdness & Mutations

You are small and have problems with some larger weapons.
You are completely attuned to the shadows.


Message History

Throw: dart (poison)
Press: ? - help, Q - select action, (/) - cycle Shift-Dir - straight line, f/p - ogre
Aim: an ogre, wielding a +0 giant spiked club (77% to hit)
You throw a poisoned dart. The poisoned dart hits the ogre.
The ogre is poisoned.
Unknown command.
The ogre hits you with a +0 giant spiked club!!
You climb downwards.
There is a stone staircase leading up, spattered with blood here.
You hit the ogre.
The ogre is moderately wounded.
You barely miss the ogre.
The ogre is moderately wounded.
You hit the ogre.
The ogre is moderately wounded.
The ogre barely misses you.
You hit the ogre.
The ogre is heavily wounded.
You hit the ogre.
The ogre is heavily wounded.
You completely miss the ogre.
The ogre is heavily wounded.
The ogre hits you with a +0 giant spiked club!!
* * * LOW HITPOINT WARNING * * *
Unknown command.
You hit the ogre.
The ogre is severely wounded.
You barely miss the ogre.
The ogre is severely wounded.
You hit the ogre.
The ogre is almost dead.
The ogre looks more healthy.
The ogre closely misses you.
You hit the ogre.
The ogre is almost dead.
You hit the ogre.
The ogre is almost dead.
You barely miss the ogre.
The ogre is almost dead.
The ogre hits you with a +0 giant spiked club!!
You die...

#..#..##
##......
)......###
#..#.....
###.O#).#..
......@.....
####...†.#..
#.....# .
#.......
.........
.......[.


You could see an ogre.

Vanquished Creatures
  Pikel (D:4)
  Grinder (D:4)
  A sky beast (D:6)
  2 centaurs (D:4)
  Blork the orc (D:4)
  2 hounds
  A jelly (D:4)
  Ijyb (D:3)
  Natasha (thrice) (D:4)
  Terence (D:3)
  An iguana (D:6)
  A gnoll (D:6)
  3 adders
  An ufetubus (D:4)
  A worm (D:4)
  5 dart slugs
  2 orcs (D:3)
  9 ball pythons
  7 bats
  6 endoplasms
  A giant cockroach (D:3)
  9 goblins
  8 hobgoblins
  7 jackals
  3 kobolds
  A quokka (D:3)
  2 frilled lizards
  8 rats
89 creatures vanquished.

Notes
Turn   | Place    | Note
-------+----------+-------------------------------------------
     0 | D:5      | porpoise the Kobold Delver began the quest for the Orb.
     0 | D:5      | Reached XP level 1. HP: 14/14 MP: 1/1
    33 | D:5      | Found Cinkimi's Mayhem Merchandise.
   100 | D:4      | Reached XP level 2. HP: 6/19 MP: 2/2
   375 | D:2      | Found a shimmering altar of Xom.
   589 | D:1      | Reached XP level 3. HP: 21/23 MP: 3/3
  1423 | D:1      | Found a faded altar of an unknown god.
  1981 | D:2      | Reached XP level 4. HP: 29/29 MP: 4/4
  2368 | D:3      | Found a broken altar of Ashenzari.
  2408 | D:3      | Found a bloodstained altar of Trog.
  2899 | D:3      | Noticed jlumianski's ghost (amateur GrGl)
  2910 | D:3      | Found a runed translucent door.
  3083 | D:3      | Noticed Terence
  3087 | D:3      | Killed Terence
  3088 | D:3      | Reached skill level 5 in Short Blades
  3088 | D:3      | Reached XP level 5. HP: 33/33 MP: 5/5
  3273 | D:3      | Noticed Ijyb
  3299 | D:3      | Killed Ijyb
  4185 | D:4      | Noticed Blork the orc
  4199 | D:4      | Killed Blork the orc
  4200 | D:4      | Reached XP level 6. HP: 39/39 MP: 6/6
  4304 | D:4      | Found a shimmering blue altar of Sif Muna.
  4324 | D:4      | Learned a level 1 spell: Apportation
  4462 | D:4      | Noticed Pikel
  4469 | D:4      | Killed Pikel
  4470 | D:4      | Reached skill level 5 in Fighting
  4470 | D:4      | Reached XP level 7. HP: 33/44 MP: 7/7
  4472 | D:4      | Reached XP level 8. HP: 38/50 MP: 8/8
  4653 | D:4      | Noticed Natasha
  4657 | D:4      | Killed Natasha
  4732 | D:4      | Noticed Natasha
  4745 | D:4      | Killed Natasha
  4787 | D:4      | Noticed Natasha
  4796 | D:4      | Killed Natasha
  5108 | D:4      | Noticed Grinder
  5112 | D:4      | Killed Grinder
  5188 | D:4      | Found a sacrificial altar of Ru.
  6245 | D:6      | Mangled by an ogre

Illustrated notes

Levels and vault maps discovered:
D:1:      heliophobic_arrival_enchanted_forest, layout_basic,
          ebering_ecumenical_altar_hall
D:2:      minmay_inner_zag, layout_basic, basic_altar
D:3:      kennysheep_goblin_castle, layout_basic,
          nicolae_overflow_crystal_walls, lemuel_tele_altar, bloody_trog,
          hellmonk_ghost_happy_afterlife, uniq_terence
D:4:      layout_basic, amcnicky_altar_gilded, tgw_sif, minmay_manual_mares,
          uniq_pikel, uniq_grinder, uniq_natasha
D:5:      layout_rooms, minivault_1, minmay_shop_mayhem
D:6:      layout_basic, slow_altar_2, nicolae_uskayaw_en_pointe

Skill      XL: |  1  2  3  4  5  6  7  8 |
---------------+-------------------------+-----
Short Blades   | 3 4 5 8 9 |  9.9
Stealth        | 7 8 9 |  9.0
Fighting       | 4 5 6 |  6.4
Dodging        | 3 |  3.9

Action                   |  1- 3 |  4- 6 |  7- 9 || total
-------------------------+-------+-------+-------++-------
Melee: Short sword       |   102 |    86 |   101 ||   289
       Trident           |       |     9 |       ||     9
Throw: Dart              |       |       |     4 ||     4
 Cast: Apportation       |       |     4 |       ||     4
Evoke: Wand              |       |     7 |       ||     7
  Use: Scroll            |       |    13 |     2 ||    15
 Stab: Sleeping          |    15 |    11 |     7 ||    33
       Distracted        |       |     4 |       ||     4
       Paralysed         |       |     7 |     1 ||     8
Armor: Leather armour    |    26 |    11 |       ||    37
       Robe              |       |     1 |    12 ||    13
Dodge: Dodged            |    64 |    54 |    56 ||   174

Table legend: (Time is in decaauts)
 A = Elapsed time spent in this place.
 B = Non-inter-level travel time spent in this place.
 C = Inter-level travel time spent in this place.
 D = Time resting spent in this place.
 E = Time spent auto-exploring this place.
 F = Levels seen in this place.
 G = Mean time per level.
                   A        B        C        D        E       F      G
               +--------+--------+--------+--------+--------+-----+--------+
         Total |   6161 |   6002 |    159 |   1774 |   3135 |   6 | 1026.8 |
       Dungeon |   6161 |   6002 |    159 |   1774 |   3135 |   6 | 1026.8 |
               +--------+--------+--------+--------+--------+-----+--------+

Top non-repeatable levels by time:
     D:4: 2003 daAuts
     D:3: 1691 daAuts
     D:1: 1087 daAuts
     D:2: 832 daAuts
     D:6: 355 daAuts
     D:5: 191 daAuts
